 Dungeon Crawl Stone Soup version 0.25.1-2-g60ff931df9 (webtiles) character file.

Game seed: 3216561496514618215

1540 spanik the Covert (level 8, -1/54 HPs)
             Began as an Octopode Assassin on Oct 29, 2020.
             Slain by Pikel
             ... wielding a +2 whip of electrocution
              (8 damage)
             ... on level 5 of the Dungeon.
             The game lasted 00:56:21 (5439 turns).

spanik the Covert (Octopode Assassin)               Turns: 5439, Time: 00:56:22

Health: -1/54      AC:  5    Str: 10    XL:     8   Next: 86%
Magic:  8/8        EV: 13    Int: 13    God:
Gold:   131        SH:  0    Dex: 16    Spells: 7/7 levels left

rFire    . . .     SeeInvis .   D - +2 dagger (drain)
rCold    . . .     Gourm    .   (no shield)
rNeg     . . .     Faith    .   (helmet restricted)
rPois    .         Spirit   .   (no amulet)
rElec    .         Reflect  .   t - +4 ring of protection
rCorr    .         Harm     .   (no ring)
MR       .....                  (no ring)
Stlth    +++++.....             (no ring)
HPRegen  0.18/turn              (no ring)
MPRegen  0.11/turn              (no ring)
                                (no ring)
                                (no ring)

@: drained
A: almost no armour, stealthy swim, amphibious, 8 rings, constrict 8, camouflage
1, gelatinous body 1
a: no special abilities


You were on level 5 of the Dungeon.
You were not hungry.

You visited 1 branch of the dungeon, and saw 5 of its levels.

You collected 131 gold pieces.

Inventory:

Hand Weapons
 a - a +2 dagger
 u - a +0 hunting sling
 D - a +2 dagger of draining (weapon)
Missiles
 b - 7 poisoned darts
 f - 54 bolts
 i - 102 arrows
 l - 7 javelins (quivered)
Jewellery
 t - a +4 ring of protection (left tentacle)
 w - an uncursed ring of wizardry {unknown}
Wands
 A - a wand of iceblast (4)
 C - a wand of random effects (27)
Scrolls
 h - a scroll of remove curse
 j - 2 scrolls of magic mapping {unknown}
 k - a scroll of enchant weapon {unknown}
 n - a scroll of fear {unknown}
 p - 2 scrolls of fog {unknown}
 y - 2 scrolls of teleportation {unknown}
Potions
 c - a potion of ambrosia {unknown}
 e - 3 potions of flight
 m - a potion of curing
 o - a potion of berserk rage {unknown}
 q - a potion of stabbing {unknown}
 r - a potion of cancellation {unknown}
 v - 2 potions of might {unknown}
 x - a potion of lignification {unknown}
 z - a potion of magic {unknown}
 B - a potion of degeneration {unknown}
Comestibles
 d - 8 rations


   Skills:
 * Level 4.2(3.3) Fighting
 * Level 5.5(4.7) Short Blades
 + Level 5.1(4.2) Throwing
 + Level 2.4(1.6) Dodging
 * Level 10.8(9.8) Stealth


You had 7 spell levels left.
You didn't know any spells.
Your spell library was empty.

Dungeon Overview and Level Annotations

Branches:
Dungeon (5/15)
 Temple: D:4-7

Altars:
Cheibriados
Ru

Annotations:
D:5 Pikel


Innate Abilities, Weirdness & Mutations

You cannot wear most types of armour.
You are very stealthy in the water. (Stealth+)
You are amphibious.
You can wear up to eight rings at the same time.
You can use your tentacles to constrict eight enemies at once.
Your skin changes colour to match your surroundings (Stealth+).
Your rubbery body absorbs attacks. (AC +1, EV +1)


Message History

Pikel is heavily wounded.
You constrict Pikel, but do no damage. The slave closely misses you.
Pikel misses you.
You hit Pikel but do no damage. You squeeze Pikel.
Pikel is heavily wounded.
You constrict Pikel, but do no damage. The slave closely misses you.
Pikel hits you with a +2 whip of electrocution.
You are electrocuted!!
* * * LOW HITPOINT WARNING * * *
Level annotation: Pikel Welcome back, spanik the Octopode Assassin.
Press ? for a list of commands and other information.
Quiver which item? (- for none, * to show all) (? for menu, Esc to quit)
Okay, then.
You feel better.
You constrict Pikel. The slave hits you.
* * * LOW HITPOINT WARNING * * *
Pikel hits you with a +2 whip of electrocution.
* * * LOW HITPOINT WARNING * * *
You are electrocuted!
You die...

#....#...#......#+###
#(...###+#..........##
#.....................
+............<........
#.....................
#.....................
#......pp.............
#.....###K###+#.....######
+.....#..@p...+.....# #.
#.....#.......#.....# #.
#.....##..##..#.....######
...##########..#....##..###
....#........'..+....'......
... #........#..#....#......
#........#..#....#......
#...######..#....###...#
###'###.##..#......#...#


You could see Pikel (drained) and 3 slaves.

Vanquished Creatures
  Eustachio (D:5)
  Edmund (D:4)
  A sky beast (D:5)
  Duvessa (D:5)
  An ice beast (D:5)
  An ogre (D:4)
  A slave (D:5)
  A phantom (D:4)
  A centaur (D:5)
  Dowan (D:5)
  A howler monkey (D:4)
  A crimson imp (D:5)
  A centaur zombie (D:5)
  A bullfrog skeleton (D:5)
  A hound (D:4)
  A jelly (D:5)
  A centaur skeleton (D:5)
  4 orc wizards
  An iguana (D:4)
  4 worker ants (D:4)
  Terence (D:2)
  10 adders
  A shadow imp (D:5)
  2 oozes (D:3)
  2 worms (D:2)
  5 leopard geckos
  10 orcs
  5 ball pythons
  5 bats
  3 giant cockroaches
  5 goblins
  7 hobgoblins
  11 jackals
  6 frilled lizards
  A jackal skeleton (D:4)
  A jackal zombie (D:5)
  11 kobolds
  6 rats
118 creatures vanquished.

Notes
Turn   | Place    | Note
-------+----------+-------------------------------------------
     0 | D:1      | spanik the Octopode Assassin began the quest for the Orb.
     0 | D:1      | Reached XP level 1. HP: 14/14 MP: 1/1
   471 | D:1      | Reached XP level 2. HP: 19/19 MP: 2/2
  1139 | D:1      | Reached skill level 6 in Stealth
  1487 | D:2      | Noticed Terence
  1503 | D:2      | Reached XP level 3. HP: 24/24 MP: 3/3
  1707 | D:2      | Killed Terence
  1707 | D:2      | Reached XP level 4. HP: 30/30 MP: 4/4
  2854 | D:3      | Reached skill level 7 in Stealth
  2854 | D:3      | Reached XP level 5. HP: 31/35 MP: 5/5
  3077 | D:3      | Found a sacrificial altar of Ru.
  3099 | D:3      | Found a snail-covered altar of Cheibriados.
  3427 | D:3      | Found a faded altar of an unknown god.
  3871 | D:4      | Reached XP level 6. HP: 40/41 MP: 6/6
  3979 | D:4      | Noticed a phantom
  4012 | D:4      | Killed a phantom
  4054 | D:4      | Reached skill level 8 in Stealth
  4087 | D:4      | Reached XP level 7. HP: 46/46 MP: 7/7
  4227 | D:4      | Noticed Edmund
  4253 | D:4      | Killed Edmund
  4636 | D:4      | Reached skill level 9 in Stealth
  4869 | D:5      | Entered Level 5 of the Dungeon
  4889 | D:5      | Reached XP level 8. HP: 53/53 MP: 8/8
  4974 | D:5      | Noticed Eustachio
  4977 | D:5      | Killed Eustachio
  4977 | D:5      | Reached skill level 5 in Short Blades
  4977 | D:5      | Reached skill level 10 in Stealth
  5133 | D:5      | Noticed Duvessa
  5133 | D:5      | Noticed Dowan
  5151 | D:5      | Killed Duvessa
  5156 | D:5      | Killed Dowan
  5156 | D:5      | Reached skill level 5 in Throwing
  5410 | D:5      | Noticed Pikel
  5438 | D:5      | HP: 2/54 [Pikel/+2 whip of electrocution (18)]
  5439 | D:5      | Slain by Pikel

Illustrated notes

Levels and vault maps discovered:
D:1:      dpeg_arrival_water_fire, layout_basic
D:2:      layout_basic, uniq_terence
D:3:      layout_loops_ring, minitemple, chequers_ecumenical_altar_island
D:4:      layout_gridville, first_ration, minmay_increasing_density, uniq_edmund
D:5:      layout_gridville, uniq_duvessa, uniq_eustachio, uniq_pikel

Skill      XL: |  1  2  3  4  5  6  7  8 |
---------------+-------------------------+-----
Stealth        | 6 7 8 9 10 | 10.8
Short Blades   | 3 4 5 |  5.5
Throwing       | 3 4 5 |  5.1
Fighting       | 3 4 |  4.2
Dodging        | 2 |  2.4

Action                   |  1- 3 |  4- 6 |  7- 9 || total
-------------------------+-------+-------+-------++-------
Melee: Dagger            |    48 |    97 |   108 ||   253
       Constrict         |    13 |    21 |    15 ||    49
       Tentacles         |     6 |    26 |    37 ||    69
Throw: Dart              |    40 |    49 |    12 ||   101
       Javelin           |       |     3 |     5 ||     8
  Use: Scroll            |     5 |       |     1 ||     6
       Potion            |       |       |     4 ||     4
 Stab: Sleeping          |     5 |     8 |    11 ||    24
       Distracted        |       |     1 |       ||     1
  Eat: Chunk             |     2 |     8 |     4 ||    14
Armor: Skin              |     3 |     5 |    12 ||    20
Dodge: Dodged            |    34 |    36 |    49 ||   119
